 Dungeon Crawl Stone Soup version 0.29.1-13-g9f3cf754e1 (webtiles) character file.

Game seed: 18055372431901520160

2314 shadowmeld the Poker (level 9, 0/65 HPs)
             Began as a Djinni Monk on Jan 29, 2023.
             Slain by an orc warrior
             ... wielding a +0 long sword
              (8 damage)
             ... on level 7 of the Dungeon.
             The game lasted 00:48:59 (7100 turns).

shadowmeld the Poker (Djinni Monk)                  Turns: 7100, Time: 00:49:00

Health: 0/65       AC: 14    Str: 23      XL:     9   Next: 68%
Gold:   358        EV:  9    Int: 12 (13) God:
                   SH:  0    Dex: 15

rFire   + + .      SeeInvis .   n - +7 glaive "Concordance" {drain, Str+3}
rCold   x . .      Faith    .   (shield currently unavailable)
rNeg    . . .      Spirit   .   l - +0 plate armour
rPois   ∞          Reflect  .   (no helmet)
rElec   .          Harm     .   e - +1 cloak
rCorr   .          Rampage  .   (no gloves)
Will    .....                   (boots unavailable)
Stlth   ..........              (no amulet)
HPRegen 0.20/turn               d - ring of wizardry
MPRegen 0.00/turn               v - +6 ring of strength

@: about to teleport, flying
A: sickness immunity, fire resistance 2, cold vulnerability 1, float, innate
caster, HP casting, extra vitality 1
a: no special abilities


You were on level 7 of the Dungeon.
You visited 1 branch of the dungeon, and saw 7 of its levels.

You collected 428 gold pieces.
You spent 70 gold pieces at shops.

Inventory:

Hand Weapons
 n - the +7 glaive "Concordance" (weapon) {drain, Str+3}
   (You found it on level 2 of the Dungeon)

   A truly terrible weapon, it drains the life of any living foe it strikes.
   Str:       It affects your strength (+3).
Missiles
 t - 7 poisoned darts
Armour
 e - a +1 cloak (worn)
 l - a +0 plate armour (worn)
Jewellery
 d - a ring of wizardry (left hand)
 v - a +6 ring of strength (right hand)
Wands
 s - a wand of flame (7) (quivered)
Scrolls
 h - 3 scrolls of summoning
 i - a scroll of poison
 k - a scroll of fog
 m - a scroll of blinking {unknown}
 p - 2 scrolls of vulnerability
 q - 5 scrolls of teleportation
 r - a scroll of fear {unknown}
 w - a scroll of acquirement {unknown}
Potions
 a - a potion of attraction {unknown}
 b - a potion of ambrosia
 c - a potion of heal wounds
 f - 4 potions of might
 g - a potion of lignification
 j - a potion of brilliance
 o - 2 potions of curing
 u - a potion of berserk rage


   Skills:
 * Level 5.2 Fighting
 * Level 6.5 Polearms
 * Level 5.6 Armour
 * Level 5.5 Dodging
 - Level 1.5 Stealth
 - Level 3.3 Unarmed Combat
 * Level 2.8 Spellcasting


You had 4 spell levels left.
You knew the following spells:

 Your Spells              Type           Power      Damage    Failure   Level
a - Shock                 Conj/Air       32%        1d5       45%         1
b - Poisonous Vapours     Pois/Air       16%        N/A       58%         2
c - Swiftness             Air            8%         N/A       80%         3
d - Summon Guardian Gole  Hex/Summ       8%         N/A       80%         3
Your spell library was empty.

Dungeon Overview and Level Annotations

Branches:
Dungeon (7/15)
 Temple: D:4-7

Altars:
Hepliaklqana
Xom

Shops:
D:1 *   D:5 **


Innate Abilities, Weirdness & Mutations

You are immune to sickness and miasma.
You are immune to poison.
Your flesh is very heat resistant. (rF++)
You are vulnerable to cold. (rC-)
You float through the air rather than walking.
You learn spells naturally, not from books.
Your magical power is your life essence.
You have superior vitality. (+4 MHP)


Message History

The bullfrog is heavily wounded.
The bullfrog hits you but does no damage.
The bullfrog hits you.
Reach: n) +7 glaive "Concordance" {drain, Str+3}
Press: ? - help, Dir - move target, f/p - steam dragon
Aim: a steam dragon (almost dead, about 34% to evade the +7 glaive "Concordance")
The bullfrog is in the way.
You slice the bullfrog!!
You kill the bullfrog!
The bullfrog barely misses you.
Reach: n) +7 glaive "Concordance" {drain, Str+3}
Press: ? - help, Dir - move target, f/p - steam dragon
Aim: a steam dragon (almost dead, about 34% to evade the +7 glaive "Concordance")
You reach to attack!
You slash the steam dragon!
You kill the steam dragon!
The bullfrog hits you but does no damage.
The bullfrog closely misses you.
The bullfrog hits you but does no damage.
You feel your intelligence returning.
Reach: n) +7 glaive "Concordance" {drain, Str+3}
Press: ? - help, Dir - move target, f - bullfrog
Aim: a bullfrog (moderately wounded, about 40% to evade the +7 glaive "Concordance")
You slash the bullfrog!
You kill the bullfrog!
The howler monkey hoots and howls with incredible vigour!
You barely miss the orc warrior.
The orc warrior is moderately wounded.
The orc warrior hits you with a +0 long sword!
* * * LOW HITPOINT WARNING * * *
A shadow imp comes into view.
The orc warrior barely misses you.
You hit the orc warrior but do no damage.
You drain the orc warrior.
The orc warrior is heavily wounded.
The sentinel's mark upon you fades away.
The orc warrior hits you with a +0 long sword!
* * * LOW HITPOINT WARNING * * *
As you read the scroll of teleportation, it crumbles to dust.
You feel strangely unstable.
The orc warrior hits you with a +0 long sword!
You die...

####### #.....#
####.###.##
#....#<...# #
#.######..# .
#.))))@onF# D#
####.)######.# .#
#.....######.###.#
#..........hF)§..##.##
#.......§.......h.....
#...>..........)......
#.....###############.
#.....# #.....#


You could see an orc warrior (drained), a necrophage and a bullfrog.

Vanquished Creatures
  Sigmund (D:3)
  A steam dragon (D:7)
  Menkaure (D:5)
  Duvessa (D:5)
  2 water moccasins
  An orc warrior (D:7)
  2 ogres
  A centaur (D:6)
  A kobold brigand (D:6)
  2 phantoms
  3 necrophages
  3 bullfrogs (D:7)
  3 scorpions
  Dowan (D:5)
  3 jellies
  An orc priest (D:7)
  4 hounds
  Terence (D:3)
  An orc wizard (D:7)
  7 adders
  8 gnolls
  10 orcs
  A ball python (D:3)
  4 bats
  5 endoplasms
  3 giant cockroaches
  3 goblins
  9 hobgoblins
  3 quokkas
  9 kobolds
  3 rats
98 creatures vanquished.

Vanquished Creatures (others)
  An orc (D:7)
1 creature vanquished.

Grand Total: 99 creatures vanquished

Notes
Turn   | Place    | Note
-------+----------+-------------------------------------------
     0 | D:1      | shadowmeld the Djinni Monk began the quest for the Orb.
     0 | D:1      | Reached XP level 1. HP: 20/20 MP: 0/0
   572 | D:1      | Reached XP level 2. HP: 25/25 MP: 0/0
   679 | D:1      | Found Wocigosch's General Store.
   711 | D:1      | Bought a potion of might for 40 gold pieces
   711 | D:1      | Bought a potion of lignification for 30 gold pieces
  1854 | D:2      | Reached XP level 3. HP: 30/30 MP: 0/0
  1854 | D:2      | Learned a level 1 spell: Shock
  1858 | D:2      | Found a faded altar of an unknown god.
  1956 | D:2      | Identified the +7 glaive "Concordance" {drain, Str+3}
  2558 | D:3      | Noticed a water moccasin
  2574 | D:3      | Killed a water moccasin
  2575 | D:3      | Reached skill level 1 in Spellcasting
  2575 | D:3      | Reached XP level 4. HP: 17/36 MP: 0/0
  2575 | D:3      | Reached XP level 5. HP: 19/40 MP: 0/0
  2575 | D:3      | Learned a level 2 spell: Poisonous Vapours
  3271 | D:3      | Noticed Terence
  3277 | D:3      | Killed Terence
  3278 | D:3      | Reached skill level 1 in Polearms
  3416 | D:3      | Noticed Sigmund
  3954 | D:3      | Killed Sigmund
  3955 | D:3      | Reached skill level 2 in Polearms
  3955 | D:3      | Reached XP level 6. HP: 47/47 MP: 0/0
  4043 | D:4      | Reached XP level 7. HP: 52/52 MP: 0/0
  4043 | D:4      | Learned a level 3 spell: Swiftness
  4571 | D:4      | Reached skill level 3 in Polearms
  4947 | D:4      | Reached XP level 8. HP: 55/58 MP: 0/0
  5100 | D:5      | Entered Level 5 of the Dungeon
  5100 | D:5      | Noticed Duvessa
  5105 | D:5      | Noticed Dowan
  5113 | D:5      | Noticed Menkaure
  5119 | D:5      | Killed Duvessa
  5120 | D:5      | Reached skill level 4 in Polearms
  5122 | D:5      | Killed Menkaure
  5130 | D:5      | Killed Dowan
  5454 | D:5      | Reached skill level 5 in Polearms
  5454 | D:5      | Reached skill level 5 in Dodging
  5477 | D:5      | Found Nabboaq's Specific Store.
  5481 | D:5      | Found Qody's General Store.
  5505 | D:5      | Reached XP level 9. HP: 54/63 MP: 0/0
  5505 | D:5      | Learned a level 3 spell: Summon Guardian Golem
  5607 | D:5      | Reached skill level 5 in Armour
  5929 | D:5      | Found a shimmering altar of Xom.
  6256 | D:6      | Reached skill level 5 in Fighting
  6398 | D:6      | Found a hazy altar of Hepliaklqana.
  6719 | D:6      | Reached skill level 6 in Polearms
  7100 | D:7      | Slain by an orc warrior

Illustrated notes

Levels and vault maps discovered:
D:1:      psy_arrival_radial01, layout_basic, serial_corexii_hall,
          corexii_hall_statues_i, corexii_hall_statues_i,
          corexii_hall_statues_i, corexii_hall_statues_s, serial_shops,
          nicolae_shop_waterfront
D:2:      layout_basic, hellmonk_ecumenical_altar_lost_god,
          dreamdust_wishing_well
D:3:      layout_basic, amcnicky_mini_pool_small, hex_tiny, uniq_terence,
          uniq_sigmund
D:4:      layout_loops_corners
D:5:      layout_cave_pools, tgw_xom, hangedman_decor_opposing,
          nicolae_specific_store, minivault_14, uniq_menkaure, uniq_duvessa
D:6:      layout_basic, worldfamousw_hep_ancestral_shrine
D:7:      layout_basic, mainiacjoe_overflow_big_doors,
          minmay_temple_entry_overgrown, grunt_decor_cap, nicolae_wand_duel

Skill      XL: |  1  2  3  4  5  6  7  8  9 |
---------------+----------------------------+-----
Armour         | 2 3 4 5 |  5.6
Spellcasting   | 1 2 |  2.8
Polearms       | 2 3 5 6 |  6.5
Dodging        | 4 5 |  5.5
Fighting       | 4 5 |  5.2
Stealth        | |  1.5
Unarmed Combat | |  3.3

Action                   |  1- 3 |  4- 6 |  7- 9 || total
-------------------------+-------+-------+-------++-------
Melee: Unarmed           |    95 |       |       ||    95
       Punch             |     2 |       |       ||     2
       Glaive            |    20 |    27 |   180 ||   227
  Use: Scroll            |     2 |     3 |     3 ||     8
       Potion            |       |       |     7 ||     7
Armor: Scale mail        |    30 |       |       ||    30
       Robe              |     3 |       |       ||     3
       Plate armour      |    19 |    27 |   130 ||   176
Dodge: Dodged            |    61 |    10 |    69 ||   140
